AoeStats
← ThunderboltX

Arabia

510503109Analyzed
1v1 RM · 21h ago on Oct 1, 2026· 26m 24s· 2 players
Game mode
Random Map
Map size
Tiny (2 player)
Population
200
Speed
Normal
Resources
Standard
Victory
Conquest
Starting age
Dark Age
Ending age
Imperial Age
RankedLock teamsTeams togetherTeam positionsShared explorationLock speedFull tech treeHidden civsTurbo modeCheats
Victory
Defeat
🇧🇬 Goths · Bulgaria
2529
+20
🇫🇷 Aztecs · France
2622
-20
ThunderboltX
1:34 Loom
9:21 Feudal Age
10:16 Man-at-Arms
10:43 Double-Bit Axe
11:59 Horse Collar
16:26 Fletching
21:27 Castle Age
20:35 Scale Mail Armor
21:31 Long Swordsman
22:07 Bodkin Arrow
21:33 Elite Skirmisher
22:48 Padded Archer Armor
23:53 Leather Archer Armor
24:45 Ballistics
27:02 Chain Mail Armor
26:57 Forging
OS+ | NeoZz
6:13 Loom
8:56 Feudal Age
8:57 Man-at-Arms
11:25 Double-Bit Axe
15:06 Fletching
15:27 Horse Collar
16:36 Scale Mail Armor
21:32 Castle Age
19:44 Gold Mining
20:44 Forging
22:16 Bodkin Arrow
21:58 Crossbowman
22:23 Eagle Warrior
25:37 Ballistics
26:07 Chain Mail Armor
Connection lost

Rejoining the realm…

Still unreachable

The connection could not be restored.

Session expired

The server has moved on; the page needs a fresh start.